Unix NetHack Version 5.0.0-0 post-release - last build May  4 2026 22:22:43 (774f63e81ad911689b3a0859ea89b322d5daca8d,branch:main).

Game began 2026-05-10 03:51:46, ended 2026-05-10 03:59:37.

Brudee, neutral female human Barbarian

         ---------
         |.....<.|
         |.......|
         |.......|                                                  |
         |.......|                                            ......|
         --.------                               #N@e   .r..........|
           ######                             ####            ....>.|
                ##                            #               -------
                 ####                         #
                 ---.-                        #
             ####....|                        #
             #   |....###                     #
 --------    #   |...|  #                     #
 |......-#####   |...|  #                     #
 |......|        -----  #######################
 |......|
 --------

Brudee the Pillager        St:18 Dx:18 Co:18 In:7 Wi:7 Ch:6  Neutral
Dlvl:5  $:49 HP:0(33) Pw:8(8) AC:4  Xp:3 T:1395  Weak    

Latest messages:
 s - a leash.
 The monkey hits!
 The monkey stole 2 scrolls labeled EIRIS SAZUN IDISI.
 The monkey tries to run away with your scrolls labeled EIRIS SAZUN IDISI.
 You smite the monkey!
 You kill the monkey!
 g - 2 scrolls labeled EIRIS SAZUN IDISI.
 You see here a monkey corpse.
 There is a monkey corpse here; eat it? [ynq] (n) y
 This monkey corpse is gamey.
 You finish eating the monkey corpse.
 You hear bubbling water.
 You find a hidden door.
 The door opens.
 The coyote bites!
 You kill the coyote!
 t - a scroll labeled READ ME.
 There is nothing here to pick up.
 You see here a sprig of wolfsbane.
 You see here a candy bar.
 u - a candy bar.
 You see here a sprig of wolfsbane.
 v - a sprig of wolfsbane.
 You hear a chugging sound.
 You smite the floating eye!
 You miss the floating eye.
 You are frozen by the floating eye's gaze!
 You are beginning to feel hungry.
 You hear snoring snakes.
 You are beginning to feel weak.
 The red naga hatchling bites!
 The red naga hatchling bites!
 The red naga hatchling bites!
 The red naga hatchling bites!
 The red naga hatchling bites!
 The red naga hatchling bites!
 The red naga hatchling bites!
 The red naga hatchling bites!
 The red naga hatchling bites!
 The red naga hatchling bites!
 The red naga hatchling bites!
 The red naga hatchling bites!
 The red naga hatchling bites!
 The red naga hatchling bites!
 The red naga hatchling bites!
 The red naga hatchling bites!
 You die...
 Do you want your possessions identified? [ynq] (y) y
 Do you want to see your attributes? [ynq] (y) y
 Do you want an account of creatures vanquished? [ynaq] (y) q

Inventory:
 Coins    ('$')
  $ - 49 gold pieces
 Weapons  (')')
  a - a +0 battle-axe (weapon in hands)
  b - a +0 short sword (alternate weapon; not wielded)
 Armor    ('[')
  o - an uncursed +0 pair of water walking boots (being worn)
  r - an uncursed +0 elven mithril-coat (being worn)
 Comestibles  ('%')
  u - an uncursed candy bar labeled "Moon Crunchy"
  d - 4 uncursed food rations
  v - an uncursed sprig of wolfsbane
  l - an uncursed lichen corpse
 Scrolls  ('?')
  t - an uncursed scroll of create monster
  g - 2 uncursed scrolls of scare monster
 Potions  ('!')
  h - an uncursed potion of gain energy
  e - 2 uncursed potions of healing
  f - an uncursed potion of paralysis
 Rings    ('=')
  j - an uncursed -2 ring of increase accuracy
 Tools    ('(')
  s - an uncursed leash
  q - an uncursed magic whistle
 Gems/Stones  ('*')
  m - an uncursed worthless piece of yellowish brown glass

Brudee the Barbarian's attributes:

Background:
 You were a Pillager, a level 3 female human Barbarian.
 You were neutral, nominally on a mission for Crom
 who was opposed by Mitra (lawful) and Set (chaotic).
 You were right-handed.
 You were in the Dungeons of Doom, on level 5.
 You entered the dungeon 1395 turns ago.
 It was nighttime.
 You had 68 experience points, 12 more were needed to attain level 4.

Basics:
 You had 0 out of 33 hit points.
 You had all 8 energy points (spell power).
 Your armor class was 4.
 Your wallet contained 49 zorkmids.
 Autopickup was on for '$"?+!=/' plus thrown.

Final Characteristics:
 Your strength was 18 (base:18/01, limit:18/100).
 Your dexterity was 18 (limit:18).
 Your constitution was 18 (limit:18).
 Your intelligence was 7 (limit:18).
 Your wisdom was 7 (limit:18).
 Your charisma was 6 (limit:18).

Final Status:
 You were weak from severe hunger.
 You were unencumbered.
 You were wielding an axe.
 You had basic skill with axe.

Final Attributes:
 You were devoutly aligned.
 You were poison resistant.
 You could walk on water.
 You were guarded.
 You are dead.

Miscellaneous:
 You didn't encounter any bones levels.
 Total elapsed playing time was 7 minutes and 50 seconds.

Major events:
 Turn
    1: Brudee the neutral female human Barbarian entered the dungeon
  754: attained the rank of Pillager (level 3)
 1395: killed by a red naga hatchling, while frozen by a floating eye's gaze

You didn't know any spells.

Skills:
 Fighting Skills
   bare handed combat [Basic]
   two weapon combat  [Unskilled]
   riding             [Unskilled]
 Weapon Skills
   dagger             [Unskilled]
   axe                [Basic]
   pick-axe           [Unskilled]
   short sword        [Basic]
   broadsword         [Unskilled]
   long sword         [Unskilled]
   two-handed sword   [Unskilled]
   saber              [Unskilled]
   club               [Unskilled]
   mace               [Unskilled]
   morning star       [Unskilled]
   flail              [Unskilled]
   hammer             [Unskilled]
   quarterstaff       [Unskilled]
   spear              [Unskilled]
   trident            [Unskilled]
   bow                [Unskilled]
 Spellcasting Skills
   attack spells      [Unskilled]
   escape spells      [Unskilled]

Voluntary challenges:
 Character rerolling was not enabled.
 You were an atheist.
 You were illiterate.
 You never genocided any monsters.
 You never polymorphed an object.
 You never changed form.
 You used no wishes.
Achievements:
 You entered a shop.
 You attained the rank of Pillager.

 The Dungeons of Doom: levels 1 to 5
    Level 1:
       Some fountains.
    Level 2:
       A potion shop, a fountain.
    Level 3:
       A general store, a fountain.
    Level 4:
    Level 5: <- You were here.
       Final resting place for
          you, killed by a red naga hatchling, while frozen by a floating eye's gaze.


Vanquished creatures:
  a shrieker
  a homunculus
  a monkey
  a coyote
  a hobbit
  a yellow mold
  6 jackals
  a fox
  a goblin
  5 grid bugs
  3 lichens
  a newt
23 creatures vanquished.

No species were genocided or became extinct.

Game over:
                       ----------
                      /          \
                     /    REST    \
                    /      IN      \
                   /     PEACE      \
                  /                  \
                  |      Brudee      |
                  |      49 Au       |
                  | killed by a red  |
                  |  naga hatchling  |
                  |                  |
                  |                  |
                  |       2026       |
                 *|     *  *  *      | *
        _________)/\\_//(\/(/\)/\//\/|_)_______

Goodbye Brudee the Barbarian...

You died in The Dungeons of Doom on dungeon level 5 with 517 points,
and 49 pieces of gold, after 1395 moves.
You were level 3 with a maximum of 33 hit points when you died.

